Map: Divergencia EE

Players

TATORREA - Winner!

  • Race: Protoss Protoss
  • League: Gold
  • Spawn Location: 5:00

MrFercho - Winner!

  • Race: Zerg Zerg
  • League: Silver
  • Spawn Location: 5:00

Nyagon

  • Race: Terran Terran
  • Spawn Location: 11:00

SuppliedWing

  • Race: Terran Terran
  • Spawn Location: 11:00

VOD

Have the link to the VOD?

Description

Time

  • Played on: July 12, 2020, 8:23 p.m.
  • Length: 9:43
Show
View Real Time Build Order
Export as new Build Order

TATORREA Protoss - Winner!

Build Orders: Blink Stalkers 

Get SALT Encoding   

  12  0:02  Probe  
  14  0:14  Probe  
  14  0:20  Pylon  
  14  0:26  Probe  
  15  0:38  Probe  
  16  0:43  Gateway  
  16  0:47  Probe  
  16  0:52  Assimilator  
  16  0:55  Probe  
  17  1:02  Pylon  
  18  1:05  Probe  
  19  1:17  Probe  
  20  1:37  Cybernetics Core  
  20  1:43  Gateway  
  20  1:45  Probe  
  21  1:57  Nexus  
  21  2:06  Pylon  
  21  2:07  Probe  
  22  2:16  Probe  
  22  2:18  Assimilator  
  23  2:24  Probe  
  23  2:29  Warp Gate  
  24  2:33  Probe  
  24  2:35  Stalker  
  27  2:37  Sentry  
  29  2:45  Probe  
  30  2:57  Probe  
  31  3:09  Probe  
  31  3:12  Twilight Council  
  32  3:16  Probe, Gateway  
  32  3:18  Gateway  
  33  3:22  Probe  
  34  3:28  Probe  
  34  3:34  Probe  
  36  3:38  Blink  
  36  3:41  Probe, Robotics Facility  
  37  3:45  Pylon  
  37  3:47  Probe  
  38  3:50  Pylon  
  38  3:53  Probe  
  39  3:59  Probe  
  40  4:14  Probe  
  40  4:15  Probe  
  42  4:23  Pylon  
  42  4:30  Probe  
  42  4:31  Probe, Nexus  
  42  4:33  Pylon  
  44  4:38  Probe  
  44  4:39  Probe  
  44  4:41  Assimilator  
  46  4:45  Assimilator  
  46  4:48  Probe x2, Observer  
  49  5:05  Probe x2  
  51  5:09  Immortal  
  55  5:16  Probe x2  
  57  5:24  Probe x2  
  57  5:28  Stargate  
  58  5:29  Stargate  
  58  5:32  Probe  
  58  5:33  Probe  
  59  5:38  Stalker x4  
  69  5:43  Probe x2  
  71  5:50  Assimilator  
  71  5:52  Probe  
  71  5:54  Assimilator  
  71  5:55  Probe  
  73  6:10  Probe x3  
  76  6:13  Immortal  
  76  6:17  Stalker x2  
  76  6:18  Stalker x2  
  88  6:21  Phoenix  
  90  6:32  Probe x3  
  93  6:41  Void Ray  
  93  6:44  Probe x3  
  100  6:47  Charge  
  98  7:12  Probe x3  
  101  7:23  Pylon  
  101  7:28  Pylon  
  101  7:37  Pylon  
  101  7:41  Immortal, Pylon  
  101  7:44  Pylon  
  105  7:47  Pylon  
  105  7:51  Gateway  
  105  7:53  Gateway  
  105  7:59  Gateway  
  105  8:00  Gateway  
  105  8:03  Gateway  
  105  8:05  Gateway  
  105  8:07  Probe x3, Gateway  
  105  8:10  Stalker  
  105  8:11  Stalker x3  
  116  8:14  Phoenix  
  116  8:16  Gateway  
  116  8:18  Gateway  
  116  8:19  Probe x2  
  121  8:20  Probe  
  121  8:24  Void Ray  
  121  8:26  Gateway  
  125  8:27  Forge  
  125  8:31  Fleet Beacon  
  119  8:57  Assimilator  
  119  8:58  Assimilator, Nexus  
  119  9:01  Pylon  
  119  9:05  Pylon  
  117  9:32  Stalker x4  
  117  9:33  Stalker x2  
  117  9:34  Stalker x5  
  117  9:35  Stalker x2  
Show
View Real Time Build Order
Export as new Build Order

MrFercho Zerg - Winner!

Build Orders: Hatch First 

Get SALT Encoding   

  12  0:01  Drone  
  13  0:14  Overlord  
  13  0:19  Drone  
  14  0:33  Drone x2  
  16  0:36  Drone  
  17  0:58  Drone  
  17  1:00  Hatchery  
  17  1:05  Drone  
  18  1:12  Extractor  
  17  1:20  Spawning Pool, Drone  
  17  1:22  Drone  
  18  1:30  Drone  
  19  1:40  Drone  
  20  1:51  Drone  
  21  2:10  Drone  
  21  2:15  Overlord x2  
  22  2:16  Queen x2  
  22  2:20  Metabolic Boost  
  26  2:24  Drone x2  
  28  2:35  Drone x2  
  30  2:52  Zergling x4  
  32  3:08  Lair  
  32  3:13  Drone x4  
  32  3:16  Drone  
  32  3:17  Drone  
  38  3:23  Evolution Chamber  
  37  3:37  Drone x7  
  37  3:40  Overlord  
  44  3:44  Hatchery  
  44  3:47  Zergling x2  
  44  3:51  Zerg Melee Weapons Level 1  
  44  3:58  Baneling Nest  
  44  3:59  Drone x2  
  44  4:02  Zergling x8  
  49  4:44  Centrifical Hooks  
  49  4:50  Zergling x6  
  49  4:52  Overlord x5  
  52  5:01  Hatchery  
  51  5:11  Queen  
  53  5:17  Spore Crawler  
  52  5:21  Spore Crawler  
  49  5:30  Spine Crawler  
  49  5:32  Spine Crawler  
  45  5:51  Spore Crawler  
  44  6:04  Zergling x2  
  44  6:05  Zergling x28  
  44  6:09  Zerg Melee Weapons Level 2  
  59  6:15  Drone x4  
  63  6:27  Baneling x5  
  63  6:32  Extractor  
  62  6:35  Extractor  
  61  6:48  Zergling x24  
  68  7:02  Spore Crawler  
  67  7:09  Spore Crawler  
  67  7:14  Drone x6  
  67  7:15  Drone x3  
  74  7:16  Drone  
  76  7:33  Drone x10  
  86  7:44  Baneling  
  86  7:45  Baneling x9  
  86  7:46  Baneling  
  86  7:54  Zergling x8  
  86  7:55  Zergling x14  
  97  8:01  Extractor  
  96  8:17  Drone x8  
  104  8:23  Overlord  
  104  8:24  Overlord x5  
  63  9:00  Zergling x8  
  63  9:01  Zergling x24  
  74  9:16  Zergling x4  
  74  9:17  Zergling x16  
  82  9:25  Hydralisk Den  
Show
View Real Time Build Order
Export as new Build Order

Nyagon Terran 

Build Orders: Liberator Opening 

Get SALT Encoding   

  12  0:00  SCV  
  13  0:16  SCV  
  13  0:21  Supply Depot  
  14  0:29  SCV  
  15  0:41  Refinery  
  15  0:42  SCV  
  16  0:45  Barracks  
  16  0:54  SCV  
  17  1:07  SCV  
  18  1:19  SCV  
  19  1:32  Barracks Reactor  
  20  1:40  Orbital Command  
  19  1:51  Command Center  
  19  2:04  Factory  
  19  2:06  SCV  
  20  2:14  Marine x2  
  22  2:18  Supply Depot  
  22  2:20  SCV  
  23  2:33  Refinery  
  23  2:40  SCV  
  24  2:52  SCV  
  24  2:53  Supply Depot, Starport, Factory Tech Lab  
  25  3:02  Orbital Command  
  25  3:04  SCV  
  26  3:07  Marine x2  
  28  3:15  Supply Depot  
  28  3:17  Siege Tank  
  31  3:20  SCV  
  32  3:30  Marine x2  
  34  3:35  SCV  
  34  3:40  SCV  
  36  3:44  Supply Depot  
  36  3:47  SCV, Marine  
  36  3:48  Marine  
  39  3:52  SCV  
  40  4:00  SCV  
  41  4:03  Liberator  
  41  4:05  SCV  
  41  4:07  Siege Tank  
  48  4:18  Supply Depot  
  48  4:22  SCV x2  
  50  4:34  SCV x2  
  52  4:41  Supply Depot  
  52  4:42  Marine  
  52  4:43  Marine  
  54  4:47  SCV  
  55  5:00  Marine x2  
  55  5:04  Siege Tank  
  55  5:05  Supply Depot  
  60  5:07  SCV x2  
  60  5:11  Refinery  
  60  5:13  Refinery  
  62  5:19  SCV  
  63  5:32  SCV  
  63  5:33  Marine x2  
  66  5:44  SCV  
  67  5:54  Marine  
  67  5:55  Marine  
  67  5:56  SCV  
  70  6:02  Siege Tank  
  73  6:04  Starport Reactor  
  73  6:12  Marine x2  
  73  6:18  SCV  
  76  6:19  Barracks  
  76  6:20  Barracks  
  76  6:30  SCV, Marine x2  
  79  6:34  Siege Tank  
  79  6:35  SCV  
  83  6:56  Marine x2  
  85  7:06  Siege Tank  
  85  7:07  Barracks Tech Lab  
  85  7:08  Barracks Tech Lab  
  88  7:10  Medivac x2  
  88  7:14  Marine x2  
  91  7:16  Command Center  
  91  7:18  SCV x2  
  91  7:22  Supply Depot  
  93  7:26  Supply Depot  
  93  7:30  SCV  
  94  7:43  SCV, Medivac x2, Marine x3  
  102  7:47  Combat Shield  
  102  7:48  SCV, Stimpack, Marine  
  102  7:49  Supply Depot  
  102  7:50  Siege Tank  
  107  8:00  SCV  
  107  8:01  Marine x2  
  107  8:05  Supply Depot  
  110  8:10  Marine x2  
  110  8:12  Supply Depot  
  112  8:13  Medivac x2  
  112  8:18  Marine x2  
  118  8:26  Siege Tank  
  121  8:28  Marine x2  
  123  8:36  Marine x2  
  119  8:46  Marine x2  
  73  8:54  Marine  
Show
View Real Time Build Order
Export as new Build Order

SuppliedWing Terran 

Build Orders:  

Get SALT Encoding   

  12  0:01  SCV  
  13  0:20  Supply Depot  
  13  0:23  SCV  
  14  0:35  SCV, Refinery  
  15  0:47  SCV  
  16  0:57  Barracks  
  16  1:15  SCV  
  17  1:27  SCV  
  19  1:40  SCV  
  19  1:47  Barracks Tech Lab  
  19  2:02  Factory  
  19  2:14  Marine  
  20  2:31  Orbital Command  
  20  2:32  Reaper  
  21  2:38  Refinery  
  21  3:19  Barracks Reactor  
  21  3:29  Barracks  
  21  4:10  Supply Depot  
  21  4:13  Supply Depot  
  21  4:20  Supply Depot  
  21  4:25  Marine x2  
  23  4:32  Marine  
  23  4:38  Supply Depot  
  24  4:40  Supply Depot  
  24  4:42  Siege Tank  
  24  4:43  Marine x2  
  29  4:49  Marine  
  30  5:01  Reaper x2  
  32  5:07  Marine  
  33  5:14  Siege Tank  
  36  5:25  Marine  
  37  5:32  Marine  
  37  5:33  Marine  
  39  5:43  Command Center  
  38  6:18  Marine  
  38  6:20  Siege Tank  
  38  6:21  Marine x2  
  44  6:36  Marine  
  45  6:52  Siege Tank  
  48  6:56  Supply Depot  
  48  7:00  Supply Depot  
  48  7:20  SCV  
  49  7:26  Refinery x2  
  49  7:32  SCV  
  50  7:44  SCV  
  51  7:56  SCV  
  52  8:08  SCV  
  52  8:10  SCV  
  54  8:19  Marine, Siege Tank  
  57  8:20  Marine  
  57  8:21  SCV, Marine  
  57  8:22  SCV  
  62  8:33  SCV  
  63  8:34  SCV  
  63  8:37  Marine x2  
  63  8:39  Marine  
  67  8:45  SCV  
  67  8:46  SCV  
  68  8:55  Marine  
  40  8:57  Marine  
  40  8:58  SCV  
  42  9:12  Marine  
  42  9:13  Marine  
  42  9:15  Marine  
Tags
 
Add a new tag
Caveats
  • Supply blocks, unpowered buildings, or Contaminate may cause inaccurate times.
  • Supply counts are checked every 10 seconds.